TOP OF THE 1ST |
Mile High Broncos batting - Pitching for San Jose Missions : LHP Morgan O'Day
|
Pitching: LHP Morgan O'Day
|
|
Batting: SHB Tom Stevens
|
0-0: Called Strike 0-1: TRIPLE (Line Drive, 89M)
|
Batting: RHB Su-kweon Yu
|
0-0: Ball 1-0: Swinging Strike 1-1: Ball 2-1: Ball 3-1: Foul Ball, location: 2F 3-2: SINGLE (Groundball, 4MD) Tom Stevens scores
|
Batting: RHB António Martínez
|
0-0: Foul Ball, location: 2F 0-1: SINGLE (Groundball, 6MD) Su-kweon Yu to second
|
Batting: RHB David Moran
|
0-0: Swinging Strike 0-1: Ball 1-1: Swinging Strike 1-2: Strikes out looking
|
Batting: LHB Tony Báez
|
0-0: Ball 1-0: Fly out, F5 (Popup, 5SF)
|
Batting: RHB Bo Vickers
|
0-0: Called Strike 0-1: Ball 1-1: Fielders Choice at 2nd, 6-4 (Groundball, 6)
|
Top of the 1st over - 1 run(s), 3 hit(s), 0 error(s), 1 left on base; Mile High 1 - San Jose 0 |
BOTTOM OF THE 1ST |
San Jose Missions batting - Pitching for Mile High Broncos : RHP John Burris
|
Pitching: RHP John Burris
|
|
Batting: RHB Irwin Duncan
|
0-0: Ball 1-0: Ground out 4-3 (Groundball, 4)
|
Batting: RHB Jorge Díaz
|
0-0: Fly out, F3 (Popup, 3SF)
|
Batting: RHB Ramón Ruíz
|
0-0: Ball 1-0: Called Strike 1-1: Ball 2-1: Ground out 4-3 (Groundball, 34)
|
Bottom of the 1st over - 0 run(s), 0 hit(s), 0 error(s), 0 left on base; Mile High 1 - San Jose 0 |
TOP OF THE 2ND |
Mile High Broncos batting - Pitching for San Jose Missions : LHP Morgan O'Day
|
Batting: RHB Michael MacDonald
|
0-0: Ball 1-0: Ball 2-0: Foul Ball, location: 2F 2-1: Bunt missed! 2-2: Ball 3-2: Base on Balls
|
Batting: SHB Keith Shaffer
|
0-0: Called Strike 0-1: Ball 1-1: Ball 2-1: Fly out, F9 (Flyball, 9LS)
|
Batting: RHB Francisco Medina
|
0-0: Ball 1-0: Grounds into double play, 6-4-3 (Groundball, 6)
|
Top of the 2nd over - 0 run(s), 0 hit(s), 0 error(s), 0 left on base; Mile High 1 - San Jose 0 |
BOTTOM OF THE 2ND |
San Jose Missions batting - Pitching for Mile High Broncos : RHP John Burris
|
Batting: RHB Dale Taylor
|
0-0: Called Strike 0-1: Ball 1-1: Foul Ball, location: 2F 1-2: Strikes out swinging
|
Batting: LHB Mel Jones
|
0-0: Called Strike 0-1: Ball 1-1: Ground out 6-3 (Groundball, 6M)
|
Batting: RHB Chang-geun Kim
|
0-0: Ball 1-0: Ball 2-0: Ball 3-0: Called Strike 3-1: Base on Balls
|
Batting: RHB Culley Douglas
|
0-0: Ball 1-0: Called Strike 1-1: Ball 2-1: Swinging Strike 2-2: Ground out 6-3 (Groundball, 6MS)
|
Bottom of the 2nd over - 0 run(s), 0 hit(s), 0 error(s), 1 left on base; Mile High 1 - San Jose 0 |
TOP OF THE 3RD |
Mile High Broncos batting - Pitching for San Jose Missions : LHP Morgan O'Day
|
Batting: SHB Tom Stevens
|
0-0: Ball 1-0: Called Strike 1-1: Ball 2-1: DOUBLE (Flyball, 7LD)
|
Batting: RHB Su-kweon Yu
|
0-0: 2-RUN HOME RUN (Flyball, 7LD), Distance : 371 ft
|
Batting: RHB António Martínez
|
0-0: Ball 1-0: Fly out, F9 (Line Drive, 9S)
|
Batting: RHB David Moran
|
0-0: Fly out, F3 (Popup, 3F)
|
Batting: LHB Tony Báez
|
0-0: Ball 1-0: Ball 2-0: Foul Ball, location: 2F 2-1: Foul Ball, location: 2F 2-2: Foul Ball, location: 2F 2-2: Fly out, F4 (Popup, 34)
|
Top of the 3rd over - 2 run(s), 2 hit(s), 0 error(s), 0 left on base; Mile High 3 - San Jose 0 |
BOTTOM OF THE 3RD |
San Jose Missions batting - Pitching for Mile High Broncos : RHP John Burris
|
Batting: RHB Kyle Williams
|
0-0: Called Strike 0-1: Ball 1-1: Foul Ball, location: 2F 1-2: Ground out 6-3 (Groundball, 6M)
|
Batting: RHB Dale O'Feennaghty
|
0-0: Ball 1-0: Called Strike 1-1: SINGLE (Flyball, 89S)
|
Batting: RHB Irwin Duncan
|
0-0: Foul Ball, location: 2F 0-1: Ball 1-1: Swinging Strike 1-2: Ball 2-2: Ball 3-2: Foul Ball, location: 2F 3-2: Strikes out looking
|
Batting: RHB Jorge Díaz
|
0-0: Ball 1-0: Called Strike 1-1: Called Strike 1-2: Fielders Choice at 2nd, 6-4 (Groundball, 6)
|
Bottom of the 3rd over - 0 run(s), 1 hit(s), 0 error(s), 0 left on base; Mile High 3 - San Jose 0 |
TOP OF THE 4TH |
Mile High Broncos batting - Pitching for San Jose Missions : LHP Morgan O'Day
|
Batting: RHB Bo Vickers
|
0-0: Ball 1-0: Foul Ball, location: 2F 1-1: Ball 2-1: Swinging Strike 2-2: Strikes out swinging
|
Batting: RHB Michael MacDonald
|
0-0: Ball 1-0: Foul Ball, location: 2F 1-1: SINGLE (Line Drive, 56D)
|
Batting: SHB Keith Shaffer
|
0-0: Swinging Strike 0-1: Called Strike 0-2: Ball 1-2: Foul Ball, location: 2F 1-2: Ball 2-2: Ball 3-2: Foul Ball, location: 2F 3-2: Foul Ball, location: 2F 3-2: Foul Ball, location: 2F 3-2: SINGLE (Line Drive, 89M) Michael MacDonald to second
|
Batting: RHB Francisco Medina
|
0-0: Called Strike Michael MacDonald steals 3rd base Keith Shaffer to second 0-1: Fly out, F9 (Flyball, 89M) Runner from 3rd tags up, SCORES, no throw
|
Batting: SHB Tom Stevens
|
0-0: Ball 1-0: Ball 2-0: Ball 3-0: Base on Balls
|
Pitching: RHP Larry West
|
|
Batting: RHB Su-kweon Yu
|
0-0: Ball 1-0: Ball 2-0: Ball 3-0: Called Strike 3-1: SINGLE (Groundball, 56D) Keith Shaffer to third Tom Stevens to second Runner from 3rd tries for Home, SAFE, no throw or cutoff
|
Batting: RHB António Martínez
|
0-0: Ball 1-0: Swinging Strike 1-1: Foul Ball, location: 2F 1-2: Foul Ball, location: 2F 1-2: Ball 2-2: Foul Ball, location: 2F 2-2: SINGLE (Groundball, 5D) Tom Stevens to third Su-kweon Yu to second Runner from 3rd tries for Home, SAFE, no throw or cutoff
|
Batting: RHB David Moran
|
0-0: Called Strike 0-1: Called Strike 0-2: Ball 1-2: Ball 2-2: Ground out 2-3 (Groundball, 25)
|
Top of the 4th over - 3 run(s), 4 hit(s), 0 error(s), 2 left on base; Mile High 6 - San Jose 0 |
BOTTOM OF THE 4TH |
San Jose Missions batting - Pitching for Mile High Broncos : RHP John Burris
|
Batting: RHB Ramón Ruíz
|
0-0: Ball 1-0: Foul Ball, location: 2F 1-1: Ball 2-1: Foul Ball, location: 2F 2-2: Foul Ball, location: 2F 2-2: Foul Ball, location: 2F 2-2: Ball 3-2: Ground out U3 (Groundball, 3S)
|
Batting: RHB Dale Taylor
|
0-0: Called Strike 0-1: Foul Ball, location: 2F 0-2: Ball 1-2: Ball 2-2: DOUBLE (Line Drive, 7LS)
|
Batting: LHB Mel Jones
|
0-0: Called Strike 0-1: Foul Ball, location: 2F 0-2: Ball 1-2: Hit by Pitch
|
Batting: RHB Chang-geun Kim
|
0-0: Ball 1-0: Ball 2-0: Foul Ball, location: 2F 2-1: Foul Ball, location: 2F 2-2: Foul Ball, location: 2F 2-2: 3-RUN HOME RUN (Flyball, 7D), Distance : 395 ft
|
Batting: RHB Culley Douglas
|
0-0: Called Strike 0-1: Reached on error, E6 (Groundball, 6)
|
Batting: RHB Kyle Williams
|
0-0: Swinging Strike 0-1: Foul Ball, location: 2F 0-2: Ball 1-2: Strikes out looking
|
Batting: RHB Dale O'Feennaghty
|
0-0: Ball 1-0: Foul Ball, location: 2F 1-1: Ball 2-1: Foul Ball, location: 2F 2-2: Strikes out looking
|
Bottom of the 4th over - 3 run(s), 2 hit(s), 1 error(s), 1 left on base; Mile High 6 - San Jose 3 |
TOP OF THE 5TH |
Mile High Broncos batting - Pitching for San Jose Missions : RHP Larry West
|
Batting: LHB Tony Báez
|
0-0: Ball 1-0: Foul Ball, location: 2F 1-1: Fly out, F7 (Popup, 7S)
|
Batting: RHB Bo Vickers
|
0-0: Swinging Strike 0-1: Ball 1-1: SINGLE (Line Drive, 6MD)
|
Batting: RHB Michael MacDonald
|
0-0: Foul Ball, location: 2F 0-1: Ball 1-1: Called Strike 1-2: Ball 2-2: Fly out, F9 (Line Drive, 9S)
|
Batting: SHB Keith Shaffer
|
0-0: Foul Ball, location: 2F 0-1: Ball 1-1: Ball 2-1: Ball 3-1: Foul Ball, location: 2F 3-2: Foul Ball, location: 2F 3-2: Base on Balls Bo Vickers to second
|
Batting: RHB Francisco Medina
|
0-0: Ball 1-0: Ball 2-0: Foul Ball, location: 2F 2-1: Foul Ball, location: 2F 2-2: Ball 3-2: Base on Balls Bo Vickers to third Keith Shaffer to second
|
Batting: SHB Tom Stevens
|
0-0: Foul Ball, location: 2F 0-1: DOUBLE (Line Drive, 3L) Bo Vickers scores Keith Shaffer scores Francisco Medina to third
|
Batting: RHB Su-kweon Yu
|
0-0: Ball 1-0: Foul Ball, location: 2F 1-1: Swinging Strike 1-2: Foul Ball, location: 2F 1-2: Hit by Pitch
|
Batting: RHB António Martínez
|
0-0: Ball 1-0: Ball 2-0: Ball 3-0: Called Strike 3-1: Base on Balls Francisco Medina scores Tom Stevens to third Su-kweon Yu to second
|
Batting: RHB David Moran
|
0-0: Called Strike 0-1: Called Strike 0-2: Ball 1-2: Foul Ball, location: 2F 1-2: DOUBLE (Line Drive, 7LS) Tom Stevens scores Su-kweon Yu scores António Martínez to third
|
Batting: LHB Tony Báez
|
0-0: Ball 1-0: Called Strike 1-1: SINGLE (Line Drive, 6M) António Martínez scores David Moran to third
|
Pitching: LHP Octávio Pérez
|
|
Batting: RHB Bo Vickers
|
0-0: Ball 1-0: Ball 2-0: Ball 3-0: Base on Balls Tony Báez to second
|
Batting: RHB Michael MacDonald
|
0-0: Called Strike 0-1: Foul Ball, location: 2F 0-2: Foul Ball, location: 2F 0-2: Fielders Choice at 2nd, 6-4 (Groundball, 6)
|
Top of the 5th over - 6 run(s), 4 hit(s), 0 error(s), 2 left on base; Mile High 12 - San Jose 3 |
BOTTOM OF THE 5TH |
San Jose Missions batting - Pitching for Mile High Broncos : RHP John Burris
|
Batting: RHB Irwin Duncan
|
0-0: Hit by Pitch
|
Batting: RHB Jorge Díaz
|
0-0: Ball 1-0: Called Strike 1-1: Ball 2-1: Ball 3-1: Swinging Strike 3-2: SINGLE (Groundball, 4) Irwin Duncan to second Runner from 2nd tries for 3rd, SAFE, no throw or cutoff
|
Batting: RHB Ramón Ruíz
|
0-0: Swinging Strike 0-1: Ball 1-1: Swinging Strike 1-2: DOUBLE (Flyball, 89XD) Irwin Duncan scores Jorge Díaz to third
|
Batting: RHB Dale Taylor
|
0-0: Called Strike 0-1: Ball 1-1: Foul Ball, location: 2F 1-2: Strikes out swinging
|
Batting: LHB Mel Jones
|
0-0: Foul Ball, location: 2F 0-1: Ground out U3 (Groundball, 3L)
|
Batting: RHB Chang-geun Kim
|
0-0: Ball 1-0: SINGLE (Groundball, 4MD) Jorge Díaz scores Ramón Ruíz to third Runner from 3rd tries for Home, throw and OUT!
|
Bottom of the 5th over - 2 run(s), 3 hit(s), 0 error(s), 1 left on base; Mile High 12 - San Jose 5 |
TOP OF THE 6TH |
Mile High Broncos batting - Pitching for San Jose Missions : LHP Octávio Pérez
|
Batting: SHB Keith Shaffer
|
0-0: Ball 1-0: Ball 2-0: Ball 3-0: Called Strike 3-1: Base on Balls
|
Batting: RHB Francisco Medina
|
0-0: Foul Ball, location: 2F 0-1: Foul Ball, location: 2F 0-2: Ground out 5-3 (Groundball, 5S) Keith Shaffer to second
|
Batting: SHB Tom Stevens
|
0-0: Ground out 4-3 (Groundball, 4) Keith Shaffer to third
|
Batting: RHB Su-kweon Yu
|
0-0: Called Strike 0-1: Ball 1-1: Ground out 5-3 (Groundball, 56S)
|
Top of the 6th over - 0 run(s), 0 hit(s), 0 error(s), 1 left on base; Mile High 12 - San Jose 5 |
BOTTOM OF THE 6TH |
San Jose Missions batting - Pitching for Mile High Broncos : RHP John Burris
|
Batting: RHB Culley Douglas
|
0-0: Foul Ball, location: 2F 0-1: Foul Ball, location: 2F 0-2: Strikes out swinging
|
Batting: RHB Kyle Williams
|
0-0: Ball 1-0: Ball 2-0: SINGLE (Groundball, 56D)
|
Pitching: RHP Wilson Martínez
|
|
Batting: RHB Dale O'Feennaghty
|
0-0: Ball 1-0: Ball 2-0: Fly out, F2 (Popup, 2RF)
|
Batting: RHB Irwin Duncan
|
0-0: Ball 1-0: SINGLE (Line Drive, 4M) Kyle Williams to second
|
Batting: RHB Jorge Díaz
|
0-0: Ball 1-0: Ball 2-0: Ball 3-0: Base on Balls Kyle Williams to third Irwin Duncan to second
|
Batting: RHB Ramón Ruíz
|
0-0: Ball 1-0: Called Strike 1-1: Ball 2-1: Ball 3-1: Base on Balls Kyle Williams scores Irwin Duncan to third Jorge Díaz to second
|
Batting: RHB Dale Taylor
|
0-0: Ball 1-0: Ball 2-0: Ball 3-0: Base on Balls Irwin Duncan scores Jorge Díaz to third Ramón Ruíz to second
|
Batting: LHB Mel Jones
|
0-0: Ball 1-0: Swinging Strike 1-1: SINGLE (Groundball, 4MD) Jorge Díaz scores Ramón Ruíz to third Dale Taylor to second Runner from 3rd tries for Home, SAFE, no throw or cutoff
|
Batting: RHB Chang-geun Kim
|
0-0: Called Strike 0-1: Ball 1-1: SINGLE (Groundball, 5D) (infield hit) Dale Taylor to third Mel Jones to second
|
Batting: RHB Culley Douglas
|
0-0: Ball 1-0: SINGLE (Groundball, 6MD) Dale Taylor scores Mel Jones to third Chang-geun Kim to second Runner from 3rd tries for Home, SAFE, no throw or cutoff
|
Pitching: RHP César Rúbio
|
|
Batting: RHB Kyle Williams
|
0-0: Ball 1-0: Ground out 4-3 (Groundball, 4)
|
Bottom of the 6th over - 6 run(s), 5 hit(s), 0 error(s), 2 left on base; Mile High 12 - San Jose 11 |
TOP OF THE 7TH |
Mile High Broncos batting - Pitching for San Jose Missions : LHP Octávio Pérez
|
Batting: RHB António Martínez
|
0-0: Ball 1-0: Ground out 4-3 (Groundball, 4M)
|
Batting: RHB David Moran
|
0-0: Ball 1-0: Ball 2-0: Foul Ball, location: 2F 2-1: Fly out, F3 (Popup, 34S)
|
Batting: LHB Tony Báez
|
0-0: Swinging Strike 0-1: Ball 1-1: Ball 2-1: Foul Ball, location: 2F 2-2: Strikes out looking
|
Top of the 7th over - 0 run(s), 0 hit(s), 0 error(s), 0 left on base; Mile High 12 - San Jose 11 |
BOTTOM OF THE 7TH |
San Jose Missions batting - Pitching for Mile High Broncos : RHP César Rúbio
|
Batting: RHB Dale O'Feennaghty
|
0-0: Ground out 2-3 (Groundball, 15S)
|
Batting: RHB Irwin Duncan
|
0-0: Called Strike 0-1: Swinging Strike 0-2: Ball 1-2: Fly out, F5 (Line Drive, 56)
|
Batting: RHB Jorge Díaz
|
0-0: Swinging Strike 0-1: DOUBLE (Line Drive, 7D)
|
Batting: RHB Ramón Ruíz
|
0-0: Called Strike 0-1: Ball 1-1: Ball 2-1: 2-RUN HOME RUN (Line Drive, 7D), Distance : 376 ft
|
Batting: RHB Dale Taylor
|
0-0: Called Strike 0-1: Ball 1-1: Ball 2-1: Ball 3-1: Foul Ball, location: 2F 3-2: Strikes out swinging
|
Bottom of the 7th over - 2 run(s), 2 hit(s), 0 error(s), 0 left on base; Mile High 12 - San Jose 13 |
TOP OF THE 8TH |
Mile High Broncos batting - Pitching for San Jose Missions : LHP Octávio Pérez
|
Now at 1B: Jorge Comacho
|
|
Now at SS: Bobby Brewster
|
|
Batting: RHB Bo Vickers
|
0-0: Foul Ball, location: 2F 0-1: Called Strike 0-2: Ground out 5-3 (Groundball, 5S)
|
Batting: RHB Michael MacDonald
|
0-0: Called Strike 0-1: SINGLE (Groundball, 34D)
|
Batting: SHB Keith Shaffer
|
0-0: Grounds into double play, 6-4-3 (Groundball, 6)
|
Top of the 8th over - 0 run(s), 1 hit(s), 0 error(s), 0 left on base; Mile High 12 - San Jose 13 |
BOTTOM OF THE 8TH |
San Jose Missions batting - Pitching for Mile High Broncos : RHP César Rúbio
|
Batting: LHB Mel Jones
|
0-0: Ball 1-0: Called Strike 1-1: Swinging Strike 1-2: Ball 2-2: Ball 3-2: Strikes out swinging
|
Batting: RHB Chang-geun Kim
|
0-0: Ball 1-0: Swinging Strike 1-1: Ball 2-1: Swinging Strike 2-2: Strikes out swinging
|
Batting: RHB Culley Douglas
|
0-0: Ball 1-0: Ball 2-0: Ball 3-0: Called Strike 3-1: Base on Balls
|
Pinch Hitting: RHB Armando López
|
0-0: Foul Ball, location: 2F 0-1: Ball 1-1: Ball 2-1: Swinging Strike 2-2: Ball 3-2: Fly out, F6 (Line Drive, 6)
|
Bottom of the 8th over - 0 run(s), 0 hit(s), 0 error(s), 1 left on base; Mile High 12 - San Jose 13 |
TOP OF THE 9TH |
Mile High Broncos batting - Pitching for San Jose Missions : LHP Octávio Pérez
|
Now at C: Elliott Rucker
|
|
Now at 2B: Kieran Farris
|
|
Now at 3B: Dave Marshall
|
|
Batting: RHB Francisco Medina
|
0-0: Reached on error, E5 (Groundball, 56)
|
Pinch Hitting: RHB Luis Alou
|
0-0: Called Strike 0-1: Ball 1-1: Bunted foul 1-2: Ball 2-2: Ball 3-2: Base on Balls
|
Batting: RHB Su-kweon Yu
|
0-0: Sac Bunt - play at third, runner safe! Luis Alou to second
|
Batting: RHB António Martínez
|
0-0: Foul Ball, location: 2F 0-1: Called Strike 0-2: Strikes out looking
|
Batting: RHB David Moran
|
0-0: Foul Ball, location: 2F 0-1: Ball 1-1: Called Strike 1-2: Ball 2-2: Foul Ball, location: 2F 2-2: Foul Ball, location: 2F 2-2: Strikes out swinging
|
Batting: LHB Tony Báez
|
0-0: Foul Ball, location: 2F 0-1: Ball 1-1: Ball 2-1: Foul Ball, location: 2F 2-2: Ball 3-2: Base on Balls Francisco Medina scores Luis Alou to third Su-kweon Yu to second
|
Pitching: RHP José Martínez
|
|
Pinch Hitting: LHB Pat Weaver
|
0-0: SINGLE (Groundball, 5D) Luis Alou scores Su-kweon Yu to third Tony Báez to second Runner from 3rd tries for Home, SAFE, no throw or cutoff
|
Batting: RHB Michael MacDonald
|
0-0: Ball 1-0: Ball 2-0: Ball 3-0: Base on Balls Tony Báez to third Pat Weaver to second
|
Batting: SHB Keith Shaffer
|
0-0: Ball 1-0: Ground out 4-3 (Groundball, 4)
|
Top of the 9th over - 3 run(s), 1 hit(s), 1 error(s), 3 left on base; Mile High 15 - San Jose 13 |
BOTTOM OF THE 9TH |
San Jose Missions batting - Pitching for Mile High Broncos : RHP César Rúbio
|
Pitching: RHP Tony Marrero
|
|
Now at SS: Luis Alvarado
|
|
Now in CF: José Darias
|
|
Batting: RHB Elliott Rucker
|
0-0: Foul Ball, location: 2F 0-1: Ball 1-1: Ball 2-1: Ball 3-1: Base on Balls
|
Pinch Hitting: LHB Arturo Rivera
|
0-0: Called Strike 0-1: Called Strike 0-2: Ball 1-2: Foul Ball, location: 2F 1-2: Ball 2-2: Strikes out swinging
|
Pinch Hitting: RHB Andrew Benson
|
0-0: Ball 1-0: Ball 2-0: Called Strike 2-1: DOUBLE (Flyball, 89XD) Elliott Rucker to third Runner from 3rd tries for Home, SAFE, throw made home
|
Batting: RHB Ramón Ruíz
|
0-0: Ball 1-0: Swinging Strike 1-1: Swinging Strike 1-2: Foul Ball, location: 2F 1-2: Foul Ball, location: 2F 1-2: Ball 2-2: Foul Ball, location: 2F 2-2: Ball 3-2: Strikes out looking
|
Pinch Hitting: RHB Cal Keys
|
0-0: Ball 1-0: Foul Ball, location: 2F 1-1: Swinging Strike 1-2: Fly out, F4 (Line Drive, 4M)
|
Bottom of the 9th over - 1 run(s), 1 hit(s), 0 error(s), 1 left on base; Mile High 15 - San Jose 14 |
|